Unix NetHack Version 3.7.0-70 Work-in-progress - last build Jan 20 2023 02:37:49 (416de4da9be3a1557180d233d1398bca634ded6a,branch:master). Game began 2023-01-30 01:35:39, ended 2023-01-30 03:10:42. Gandelf, neutral male human Monk -------------------------- |>.......................| |.......----------------.| -------.------ |.| |.......[...| |.| |0.........0| |.| --------.----| |.| |...%)....)..| |.| |............| |.| -----.-------- ------|.| |.......%1.| --|.....|.| |.......111| |....[.[|.| |.........-- |-|u....|[| -------.---- |)-[%...+.| |........| |-|[.%[.|-- |........| |.q@.%%.| |...------ --|....[| ----- ------- Gandelf the Initiate St:18/01 Dx:14 Co:13 In:9 Wi:13 Ch:9 Neutral S:17364 Dlvl:4 $:3654 HP:0(57) Pw:66(66) AC:3 Xp:9/3330 T:8772 Latest messages: J - 2 tripe rations (4 in total). You hit the flaming sphere! The flaming sphere explodes! Boom! The door is consumed in flames! The ogre wakes up. The ogre is caught in the flaming sphere's explosion! You are caught in the flaming sphere's explosion! Your gloves smoulder! Your candle catches light! Your scroll called earth catches fire and burns! The pony wakes up. $ - 432 gold pieces (2440 in total). You kill the ogre! I - a scroll of teleportation. You see here a unicorn horn. $ - 16 gold pieces (2456 in total). What do you want to throw? [$ or ?*] * In what direction? u The pony devours a slime mold. You see here a mummy wrapping. You see here a unicorn horn. L - a unicorn horn. $ - 77 gold pieces (2533 in total). You swap places with your pony. You see here an orcish helm. Some text has been burned into the floor here. You read: "Elbereth". You see here a runed dagger. You see here an orcish helm. You see here a mummy wrapping. The door resists! $ - 1121 gold pieces (3654 in total). You see here an iguana corpse. M - a hexagonal wand. You see here a blue jelly corpse. You see here an oilskin cloak. You see here an iguana corpse. You see here a giant bat corpse. The door opens. You hit the leocrotta! The leocrotta just misses! The leocrotta bites! The leocrotta hits! You hit the leocrotta! The leocrotta hits! The leocrotta bites! The leocrotta hits! You die... Do you want your possessions identified? [ynq] (y) q Inventory: Coins $ - 3654 gold pieces Amulets g - an uncursed amulet of reflection (being worn) Armor N - an uncursed burnt +3 pair of leather gloves (being worn) r - an uncursed +0 pair of iron shoes (being worn) t - an uncursed +0 dwarvish cloak v - an uncursed +0 mummy wrapping b - a blessed burnt +1 robe (being worn) Comestibles R - an uncursed carrot q - 2 uncursed food rations i - 2 uncursed fortune cookies h - 5 uncursed oranges s - an uncursed pancake J - 4 uncursed tripe rations X - 2 uncursed eggs Scrolls p - an uncursed scroll of create monster O - an uncursed scroll of destroy armor H - an uncursed scroll of earth D - an uncursed scroll of enchant armor E - an uncursed scroll of enchant weapon z - an uncursed scroll of gold detection y - an uncursed scroll of light d - a blessed scroll of magic mapping x - an uncursed scroll of taming G - an uncursed scroll of teleportation I - an uncursed scroll of teleportation Potions F - an uncursed potion of water Rings U - an uncursed +1 ring of adornment m - an uncursed ring of free action w - an uncursed +1 ring of increase damage V - an uncursed ring of levitation o - an uncursed ring of poison resistance B - an uncursed ring of regeneration T - an uncursed ring of searching K - a cursed ring of searching Wands S - a wand of digging (0:4) P - a wand of nothing (0:7) C - a blessed wand of teleportation (0:1) M - a wand of teleportation (0:6) Tools A - an uncursed sack containing 9 items f - a cursed figurine of a soldier ant u - an uncursed lock pick Z - an uncursed lock pick n - a +0 pick-axe Y - a cursed partly used tallow candle (lit) e - an uncursed towel L - a +0 unicorn horn Contents of the sack: a blessed spellbook of confuse monster a cursed potion of confusion an uncursed worthless piece of black glass 2 uncursed worthless pieces of green glass 2 uncursed jade stones an uncursed worthless piece of green glass an uncursed jade stone an uncursed fluorite stone 3 uncursed worthless pieces of white glass Gandelf the Monk's attributes: Background: You were an Initiate, a level 9 male human Monk. You were neutral, on a mission for Chih Sung-tzu who was opposed by Shan Lai Ching (lawful) and Huan Ti (chaotic). You were in Sokoban, on level 4. You entered the dungeon 8772 turns ago. It was nighttime. You had 3330 experience points, 1790 more were needed to attain level 10. Your score was 17364 before end-of-game adjustments. Basics: You had 0 out of 57 hit points. You had all 66 energy points (spell power). Your armor class was 3. Your wallet contained 3654 zorkmids. Autopickup was on for '$?!+/=' plus thrown. Final Characteristics: Your strength was 18/01 (limit:18/100). Your dexterity was 14 (limit:18). Your constitution was 13 (limit:18). Your intelligence was 9 (limit:18). Your wisdom was 13 (peak:14, limit:18). Your charisma was 9 (limit:18). Final Status: You were not hungry. You were unencumbered. You were empty handed. You were skilled in martial arts and could have enhanced that. Final Attributes: You were piously aligned. You were sleep resistant. You were poison resistant. You saw invisible. You were telepathic. You were warned. You had automatic searching. You were stealthy. You were guarded. You were fast. You had reflection. You are dead. Miscellaneous: You never encountered a bones level. Total elapsed playing time was 55 minutes and 54 seconds. Major events: Turn 1: Gandelf the neutral male human Monk entered the dungeon 922: attained the rank of Novice (level 3) 1932: entered the Gnomish Mines 2936: reached Mine Town 2979: attained the rank of Initiate (level 6) 4408: entered Sokoban 4638: completed 1st Sokoban level 5025: completed 2nd Sokoban level 6089: completed 3rd Sokoban level 7937: completed 4th Sokoban level 8289: acquired the Sokoban amulet of reflection 8772: killed by a leocrotta Vanquished creatures: 2 giant mimics a flesh golem a stalker a warg a winter wolf 2 small mimics an ogre leader a quantum mechanic a sasquatch a gelatinous cube a freezing sphere a flaming sphere 2 tengu 2 elf mummies a chameleon 2 quivering blobs a wolf a scorpion a black light a dwarf mummy 4 ogres an owlbear a werewolf a Green-elf a chickatrice a dwarf leader a blue jelly a white unicorn a dust vortex a gnome mummy a human zombie a fire ant 2 quasits a water nymph a mountain nymph 4 Mordor orcs a rock mole a pony a yellow light a shrieker a violet fungus 8 gnome leaders 2 gnomish wizards 2 gray oozes 2 giant ants a floating eye 6 dwarves 2 kobold shamans 3 hill orcs 8 rothes a centipede 2 giant bats a wererat 8 iguanas 7 killer bees an acid blob 2 gas spores 4 hobbits a manes 2 large kobolds 3 hobgoblins 5 giant rats a cave spider a yellow mold 4 green molds a red mold 17 gnomes 4 garter snakes a gnome zombie 8 geckos 4 jackals 4 foxes a kobold 3 goblins 2 sewer rats 9 grid bugs a bat 5 lichens a kobold zombie 8 newts 199 creatures vanquished. No species were genocided or became extinct. Voluntary challenges: You read items or engraved 3 times. You never engraved Elbereth. You never genocided any monsters. You never polymorphed an object. You never changed form. You used no wishes. You did not violate any of the special Sokoban rules. Achievements: You entered a shop. You attained the rank of Novice. You entered the Gnomish Mines. You entered Minetown. You entered a temple. You attained the rank of Initiate. You entered Sokoban. You completed Sokoban. The Dungeons of Doom: levels 1 to 8 Level 1: An altar to Chih Sung-tzu. Level 2: A fountain. Level 3: An armor shop. Level 4: Stairs down to The Gnomish Mines. Level 5: Level 6: Level 7: Level 8: Stairs up to Sokoban, level 7. The Gnomish Mines: levels 5 to 7 Level 5: Level 6: Level 7: Many shops, a temple, some fountains. Sokoban: levels 7 up to 4 Level 4: <- You were here. Solved. Final resting place for you, killed by a leocrotta. Level 5: Solved. Level 6: Solved. Level 7: Solved. Game over: ---------- / \ / REST \ / IN \ / PEACE \ / \ | Gandelf | | 3654 Au | | killed by a | | leocrotta | | | | | | 2023 | *| * * * | * _________)/\\_//(\/(/\)/\//\/|_)_______ Goodbye Gandelf the Monk... You died in Sokoban on dungeon level 4 with 16999 points, and 3654 pieces of gold, after 8772 moves. You were level 9 with a maximum of 57 hit points when you died.